 Dungeon Crawl Stone Soup version 0.28-a0-533-g9f97627e2a (webtiles) character file.

Game seed: 15367601608318795601

65977 speeev33 the Warrior (level 15, -8/103 HPs)
             Began as a Gargoyle Fighter on Sept 25, 2021.
             Was a High Priest of Okawaru.
             Mangled by an orc warlord (39 damage)
             ... on level 2 of the Orcish Mines.
             The game lasted 00:47:56 (17672 turns).

speeev33 the Warrior (Gargoyle Fighter)            Turns: 17672, Time: 00:47:57

Health: -8/103     AC: 39    Str: 32    XL:     15   Next: 18%
Magic:  13/20      EV: 10    Int:  9    God:    Okawaru [*****.]
Gold:   3218       SH: 15    Dex:  9    Spells: 14/14 levels left

rFire   . . .      SeeInvis +   O - +9 flail "Punap" {freeze, rCorr}
rCold   + + +      Faith    .   e - +1 kite shield
rNeg    + . .      Spirit   .   X - +0 plate armour
rPois   ∞          Reflect  .   D - +2 helmet {SInv}
rElec   +          Harm     .   R - +0 cloak {rCorr}
rCorr   +          Rampage  .   Q - +0 pair of gloves
Will    +....                   x - +0 pair of boots
Stlth   ..........              l - amulet "Mom Ygge" {rPois rC+++ Will- Regen+ Slay+3}
HPRegen 1.27/turn               H - +6 ring of strength
MPRegen 0.17/turn               f - ring of willpower

@: heroic, finesse-ful, flying, studying Armour
A: sickness immunity, AC +11, big wings, negative energy resistance 1,
electricity resistance, torment resistance 1, petrification resistance
a: Renounce Religion, Heroism, Finesse, Duel


You were on level 2 of the Orcish Mines.
You worshipped Okawaru.
Okawaru was extremely pleased with you.
You visited 4 branches of the dungeon, and saw 20 of its levels.
You also visited: Ossuary and Gauntlet.

You collected 3468 gold pieces.
You spent 250 gold pieces at shops.

Inventory:

Hand Weapons
 j - a +4 whip of electrocution
 O - the +9 flail "Punap" (weapon) {freeze, rCorr}
   (You took it off a minotaur in a Gauntlet)

   It freezes those it strikes, dealing additional cold damage.
   It can also slow down cold-blooded creatures.
   rCorr:     It protects you from acid and corrosion.
Missiles
 S - 3 throwing nets (quivered)
Armour
 e - a +1 kite shield (worn)
 x - a +0 pair of boots (worn)
 D - a +2 helmet of see invisible (worn)
 Q - a +0 pair of gloves (worn)
 R - a +0 cloak of preservation (worn)
 X - a +0 plate armour (worn)
Jewellery
 b - a +6 ring of dexterity
 f - a ring of willpower (right hand)
 l - the amulet "Mom Ygge" (around neck) {rPois rC+++ Will- Regen+ Slay+3}
   (You acquired it on level 3 of the Dungeon)

   [amulet of regeneration]

   Slay:      It affects your accuracy & damage with ranged weapons and melee
   (+3).
   rC:        It renders you almost immune to cold.
   rPois:     It protects you from poison.
   Regen:     It increases your rate of health regeneration.
   Will:      It decreases your willpower.
 o - a ring of positive energy
 y - a ring of protection from fire
 H - a +6 ring of strength (left hand)
 I - a +4 ring of protection
 N - a +6 ring of strength
 T - a +4 ring of protection
 U - a ring of ice
 W - a +6 ring of dexterity
Wands
 c - a wand of polymorph (18)
 s - a wand of mindburst (17)
 w - a wand of flame (19)
 G - a wand of paralysis (11)
Scrolls
 n - 5 scrolls of fear
 q - a scroll of vulnerability
 r - a scroll of enchant weapon
 t - 3 scrolls of silence
 B - 2 scrolls of teleportation
 C - a scroll of blinking
 E - 2 scrolls of enchant armour
 J - 9 scrolls of identify
 K - 3 scrolls of fog
 V - a scroll of magic mapping
Potions
 a - a potion of resistance
 d - 2 potions of heal wounds
 g - 2 potions of lignification
 h - a potion of invisibility
 i - 3 potions of attraction
 k - 4 potions of berserk rage
 p - 7 potions of curing
 u - 2 potions of degeneration
 v - 2 potions of mutation
 z - 4 potions of flight
 A - 5 potions of brilliance
 F - 2 potions of might
 L - a potion of magic
Miscellaneous
 M - a lightning rod (4/4)
 P - a phantom mirror


   Skills:
 + Level 15.3(20.3) Fighting
 - Level 14.0(19.0) Maces & Flails
 + Level 13.9(18.9) Armour
 - Level 15.0(20.0) Shields
 - Level 7.0 Invocations


You had 14 spell levels left.
You didn't know any spells.
Your spell library contained the following spells:

 Spells                   Type           Power      Damage    Failure   Level
 Magic Dart               Conj           0%         1d3       85%         1
 Pain                     Necr           0%         1d4       85%         1
 Sting                    Tmut/Pois      0%         1d3       85%         1
 Poisonous Vapours        Pois/Air       0%         N/A       94%         2
 Gell's Gravitas          Tloc           0%         N/A       99%         3
 Mephitic Cloud           Conj/Pois/Air  0%         N/A       99%         3
 Ozocubu's Armour         Ice            0%         N/A       99%         3
 Teleport Other           Tloc           0%         N/A       99%         3
 Cause Fear               Hex            0%         N/A       100%        4
 Fulminant Prism          Conj/Hex       0%         3d6       100%        4
 Hailstorm                Conj/Ice       0%         3d3       100%        4
 Ice Form                 Ice/Tmut       0%         N/A       100%        4
 Iskenderun's Mystic Bla  Conj/Tloc      0%         2d3       100%        4
 Leda's Liquefaction      Hex/Erth       0%         N/A       100%        4
 Olgreb's Toxic Radiance  Pois           0%         N/A       100%        4
 Agony                    Necr           0%         N/A       100%        5
 Excruciating Wounds      Necr           0%         N/A       100%        5
 Freezing Cloud           Conj/Ice/Air   0%         6-21      100%        5
 Irradiate                Conj/Tmut      0%         3d14      100%        5
 Lee's Rapid Deconstruct  Erth           0%         3d5*      100%        5
 Metabolic Englaciation   Hex/Ice        0%         N/A       100%        5
 Dispersal                Tloc           0%         N/A       100%        6
 Eringya's Noxious Bog    Tmut/Pois      0%         N/A       100%        6
 Dragon Form              Tmut           0%         N/A       100%        7
 Polar Vortex             Ice            0%         N/A       100%        9
 Call Imp                 Summ           Unusable   N/A       N/A         2
 Summon Forest            Summ/Tloc      Unusable   N/A       N/A         5
 Simulacrum               Ice/Necr       Unusable   N/A       N/A         6
 Statue Form              Tmut/Erth      Unusable   N/A       N/A         6
 Summon Hydra             Summ           Unusable   N/A       N/A         7
 Dragon's Call            Summ           Unusable   N/A       N/A         9

Dungeon Overview and Level Annotations

Branches:
Dungeon (11/15)            Temple (1/1) D:7            Lair (6/6) D:8
  Swamp (0/4) Lair:2        Snake (0/4) Lair:2        Slime (0/5) Lair:5
    Orc (2/2) D:11        Ossuary (visited)         Gauntlet (visited)
    Elf: Orc:2

Altars:
Ashenzari
Cheibriados
Dithmenos
Elyvilon
Fedhas
Gozag
Hepliaklqana
Kikubaaqudgha
Makhleb
Nemelex Xobeh
Okawaru
Qazlal
Ru
Sif Muna
Trog
Uskayaw
Vehumet
Xom
Yredelemnul
Zin
The Shining One
Beogh
Lugonu

Shops:
D:4 [   D:6 =   D:7 [

Portals:
Abyss: Lair:6

Annotations:
D:7 2 transporters, speeev33's ghost, novice GrFi
D:9 3 runed translucent doors, RandomusNamus's ghost, journeyman MiHu


Innate Abilities, Weirdness & Mutations

You are immune to sickness and miasma.
Your stone body is resilient. (AC +11)
You are immune to poison.
Your large and strong wings let you fly.
You resist negative energy. (rN+)
You are resistant to electric shocks. (rElec)
You are resistant to unholy torment.
You are immune to petrification.


Message History

The orc warlord is lightly wounded.
The orc warrior no longer looks unusually strong.
You block the orc warrior's attack.
You hit the orc warlord. You freeze the orc warlord.
The orc warlord is lightly wounded.
You block the orc's attack.
The orc warlord roars a battlecry!
The orc warrior goes into a battle-frenzy!
The orc warrior hits you from afar with a +0 glaive!
You barely miss the orc warlord.
The orc warlord is lightly wounded.
You block the orc's attack.
The orc warlord hits you with a +3 great sword!!!
You hit the orc warlord. You freeze the orc warlord.
The orc warlord is lightly wounded.
The orc no longer looks unusually strong.
The orc warrior barely misses you.
You gain the combat prowess of a mighty hero.
The orc wizard no longer looks unusually strong.
You block the orc's attack.
The orc warlord roars a battlecry!
The orcs go into a battle-frenzy!
The orc warrior hits you from afar with a +0 glaive!
The orc wizard casts a spell.
The orc wizard flickers and vanishes for a moment.
You can now deal lightning-fast blows.
You block the orc's attack.
The orc warlord hits you with a +3 great sword!
You block the orc warrior's attack.
Press: ? - help, Dir - move target, f - orc warlord
Aim: an orc warlord, wielding a +3 great sword and wearing a +2 chain mail of willpower (lightly wounded, strong)
You fail to use your ability.
You block the orc's attack. You block the orc warlord's attack.
The orc warrior hits you from afar with a +0 glaive!
* * * LOW HITPOINT WARNING * * *
You sock the orc warlord! You freeze the orc warlord.
The orc warlord is moderately wounded.
You block the orc's attack.
The orc warlord hits you with a +3 great sword!!!
You die...

..#...###.$...#...............$.#
.......#.....##......#...........
.........)...#...............##.#
.........................<...# .#
............................## ..
.$........#.))).........#...# .#
.........####)##........##...# ##
.........##.##o##...#..####.##
.........#..oooo@...#### ###
.........#..#oh##....#.##
....#..o..$...o###......#
........o#.##.####.....###
.........#)####.#........#
......o.....##.............#
.......o...####......#.#....#
.......oo.## ##..#...####.##
#.#.#.....# #####.## ##


You could see an orc warlord (strong), a warg, 2 orc warriors, an orc wizard
(strong, invisible) and 2 orcs.

Vanquished Creatures
  Kirke (Lair:6)
  An azure jelly (shapeshifter) (Lair:6)
  A minotaur (Gauntlet)
  Snorg (D:11)
  Harold (D:10)
  Erolcha (Arena)
  5 hydras
  4 boulder beetles
  Fannar (D:11)
  A centaur warrior (D:9)
  4 two-headed ogres
  A tengu warrior (Gauntlet)
  3 death yaks (Lair:6)
  3 thrashing horrors (Lair:6)
  Nergalle (Arena)
  A lindwurm (Lair:5)
  4 orc knights
  Pikel (D:6)
  3 orc sorcerers
  5 ugly things
  A manticore (D:9)
  5 elephants (Lair:3)
  2 black mambas
  2 molten gargoyles (Lair:3)
  4 smoke demons
  2 torpor snails
  The ghost of RandomusNamus the Chopper, a novice FoAK of Lugonu (D:5)
  16 cane toads
  An unseen horror (D:10)
  5 rime drakes
  2 komodo dragons
  2 tengu conjurers (Gauntlet)
  2 ancient zymes (Lair:6)
  4 burning bushes (Lair:5)
  A red devil (Gauntlet)
  3 meliai (Gauntlet)
  5 trolls
  Grinder (D:4)
  A large abomination (Lair:6)
  19 blink frogs
  Sigmund (D:5)
  A ynoxinul (Lair:6)
  A vampire (D:7)
  A spriggan (Lair:6)
  3 shadows
  6 wyverns
  34 yaks
  3 wraiths
  A human (Lair:6)
  12 basilisks
  2 hogs (Lair:6)
  A chaos spawn (Lair:6)
  3 steam dragons
  Menkaure (D:5)
  5 vampire mosquitoes
  3 wargs (Orc:2)
  3 nagas (Lair:2)
  An acid dragon (D:10)
  15 water moccasins
  23 orc warriors
  4 ice beasts
  2 sky beasts
  3 black bears
  2 necrophages (D:5)
  5 ogres
  10 wolves
  2 centaurs (D:9)
  A phantom (D:4)
  Blork the orc (D:5)
  9 bullfrogs
  8 small abominations (Lair:6)
  3 kobold brigands
  2 scorpions
  2 water moccasin skeletons
  5 killer bees (D:9)
  12 wights
  A howler monkey (D:6)
  5 lava snakes (Lair:3)
  2 crimson imps (Gauntlet)
  4 electric eels
  3 bullfrog zombies (D:6)
  3 centaur zombies
  8 orc priests
  A water moccasin simulacrum (D:5)
  A bullfrog skeleton (D:7)
  Crazy Yiuf (D:6)
  Jessica (D:3)
  7 iguanas
  Ijyb (D:3)
  13 orc wizards
  10 hell rats
  3 centaur simulacra
  A scorpion simulacrum (D:5)
  A hound skeleton (D:4)
  A howler monkey skeleton (D:6)
  3 adders
  3 gnolls
  A shadow imp (D:6)
  2 white imps (D:5)
  An adder zombie (Ossuary)
  3 worms
  3 dart slugs
  An adder simulacrum (D:5)
  46 orcs
  8 ball pythons
  3 bats
  2 endoplasms
  4 giant cockroaches
  7 goblins
  11 hobgoblins
  8 jackals
  3 quokkas
  A ball python skeleton (Ossuary)
  2 frilled lizards
  2 hobgoblin skeletons (Ossuary)
  2 hobgoblin zombies (Ossuary)
  26 kobolds
  A kobold zombie (Ossuary)
  An orc zombie (Ossuary)
  7 rats
531 creatures vanquished.

Vanquished Creatures (others)
  An orc (Orc:1)
  24 fungi
  29 plants
54 creatures vanquished.

Grand Total: 585 creatures vanquished

Notes
Turn   | Place    | Note
-------+----------+-------------------------------------------
     0 | D:1      | speeev33 the Gargoyle Fighter began the quest for the Orb.
     0 | D:1      | Reached XP level 1. HP: 14/14 MP: 1/1
    55 | D:1      | Reached XP level 2. HP: 19/19 MP: 2/2
   257 | D:1      | Reached XP level 3. HP: 17/23 MP: 3/3
   667 | D:2      | Identified a scroll of acquirement
   667 | D:2      | Acquired 959 gold pieces
   712 | D:2      | Reached XP level 4. HP: 13/29 MP: 4/4
  1413 | D:2      | Found a faded altar of an unknown god.
  1702 | D:3      | Noticed Jessica
  1705 | D:3      | Killed Jessica
  1721 | D:3      | Reached XP level 5. HP: 33/33 MP: 5/5
  1910 | D:3      | Acquired the amulet "Mom Ygge" {rPois rC+++ Will- Regen+
                  | Slay+3}
  2040 | D:3      | Found a hazy altar of Hepliaklqana.
  2351 | D:3      | Noticed Ijyb
  2360 | D:3      | Killed Ijyb
  2537 | D:4      | Reached XP level 6. HP: 40/40 MP: 6/6
  2664 | D:4      | Noticed Grinder
  2679 | D:4      | Killed Grinder
  2680 | D:4      | Reached skill level 5 in Fighting
  2680 | D:4      | Reached skill level 5 in Armour
  2680 | D:4      | Reached XP level 7. HP: 39/44 MP: 7/7
  2689 | D:4      | Reached XP level 8. HP: 65/65 MP: 8/8
  2977 | D:4      | Found Xidwuomika's Armour Boutique.
  3126 | D:4      | Found a hide-covered altar of Uskayaw.
  3126 | D:4      | Found a bloodstained altar of Trog.
  3270 | D:5      | Entered Level 5 of the Dungeon
  3315 | D:5      | Found a basalt altar of Yredelemnul.
  3318 | D:5      | Noticed Sigmund
  3322 | D:5      | Killed Sigmund
  3325 | D:5      | Noticed Menkaure
  3331 | D:5      | Killed Menkaure
  3409 | D:5      | Reached XP level 9. HP: 65/70 MP: 9/9
  3429 | D:5      | Reached skill level 5 in Maces & Flails
  3445 | D:5      | Found a shimmering altar of Xom.
  3445 | D:5      | Found a shimmering altar of Xom.
  3445 | D:5      | Found a shimmering altar of Xom.
  3446 | D:5      | Found a shimmering altar of Xom.
  3448 | D:5      | Found a shimmering altar of Xom.
  3450 | D:5      | Found a shimmering altar of Xom.
  3473 | D:5      | Noticed Blork the orc
  3483 | D:5      | Killed Blork the orc
  3558 | D:5      | Found a runed translucent gate.
  3558 | D:5      | Found a runed translucent gate.
  3564 | D:5      | Found a runed translucent gate.
  3594 | D:5      | Noticed RandomusNamus's ghost (novice FoAK)
  3906 | D:6      | Reached skill level 5 in Shields
  3929 | D:6      | Reached skill level 15 in Fighting
  3989 | D:6      | Noticed Pikel
  4004 | D:6      | Killed Pikel
  4040 | D:6      | Found Kecwom's Jewellery Shoppe.
  4047 | D:6      | Bought a ring of willpower for 250 gold pieces
  4081 | D:6      | Found a runed translucent door.
  4082 | D:6      | Noticed Crazy Yiuf
  4193 | D:6      | Reached XP level 10. HP: 75/76 MP: 10/10
  4437 | D:6      | Found a broken altar of Ashenzari.
  4817 | D:6      | Killed Crazy Yiuf
  4990 | D:7      | Found a staircase to the Ecumenical Temple.
  4996 | Temple   | Entered the Ecumenical Temple
  5123 | D:7      | Found an iron altar of Okawaru.
  5136 | D:7      | Became a worshipper of Warmaster Okawaru
  5170 | D:7      | Found Gito's Armour Boutique.
  5172 | D:7      | Found a burning altar of Makhleb.
  5185 | D:7      | Found a sand-covered staircase.
  5201 | Ossuary  | Entered an ossuary
  5467 | D:7      | Acquired 475 gold pieces
  5554 | D:7      | Reached * piety under Okawaru
  5761 | D:7      | Noticed speeev33's ghost (novice GrFi)
  5798 | D:7      | Found a glowing golden altar of the Shining One.
  5816 | D:7      | Found a transporter.
  5818 | D:7      | Found a transporter.
  6169 | D:8      | Found a staircase to the Lair.
  6172 | D:8      | Identified the +7 hand axe of Honour {vorpal, Str+4 Int+7}
  6354 | D:8      | Noticed a two-headed ogre
  6576 | D:8      | You fall into a shaft and drop 2 floors!
  6576 | D:10     | Entered Level 10 of the Dungeon
  6591 | D:10     | Reached ** piety under Okawaru
  6902 | D:9      | Reached XP level 11. HP: 58/81 MP: 11/11
  7073 | D:9      | Acquired a +2 helmet of see invisible
  7155 | D:8      | Killed a two-headed ogre
  7155 | D:8      | Reached *** piety under Okawaru
  7343 | D:8      | Found a white marble altar of Elyvilon.
  7667 | D:9      | Found a runed translucent gate.
  7667 | D:9      | Found a runed translucent gate.
  7667 | D:9      | Found a runed translucent gate.
  7786 | D:9      | Noticed a two-headed ogre
  7801 | D:9      | Killed a two-headed ogre
  7801 | D:9      | Reached **** piety under Okawaru
  7859 | D:9      | Noticed a four-headed hydra
  7869 | D:9      | Killed a four-headed hydra
  7918 | D:9      | Noticed a boulder beetle
  7948 | D:9      | Killed a boulder beetle
  7949 | D:9      | Reached skill level 1 in Invocations
  7963 | D:9      | Got the Reference Book on Mutagenic Poisoning
  8021 | D:9      | Noticed RandomusNamus's ghost (journeyman MiHu)
  8150 | D:9      | Noticed a centaur warrior
  8150 | D:9      | Noticed a brown ugly thing
  8164 | D:9      | Killed a brown ugly thing
  8170 | D:9      | Killed a centaur warrior
  8379 | D:9      | Noticed a manticore
  8388 | D:9      | Killed a manticore
  8577 | D:5      | Killed RandomusNamus's ghost
  8760 | Lair:1   | Entered Level 1 of the Lair of Beasts
  8770 | Lair:1   | Reached ***** piety under Okawaru
  8892 | Lair:1   | Noticed an eight-headed hydra
  8909 | Lair:1   | Killed an eight-headed hydra
  8910 | Lair:1   | Reached XP level 12. HP: 87/87 MP: 6/15
  9209 | Lair:1   | Reached skill level 10 in Armour
  9289 | Lair:1   | Reached skill level 5 in Invocations
  9902 | Lair:2   | Noticed a boulder beetle
  9939 | Lair:2   | Killed a boulder beetle
 10006 | Lair:2   | Noticed a five-headed hydra
 10036 | Lair:2   | Killed a five-headed hydra
 10196 | Lair:2   | Found a staircase to the Snake Pit.
 10366 | Lair:2   | Identified the +9 rapier of the Final Decision {spect,
                  | *Rage rElec rC+++ Int-2}
 10426 | Lair:2   | Received a gift from Okawaru
 10427 | Lair:2   | Reached skill level 10 in Shields
 10470 | Lair:2   | Noticed a five-headed hydra
 10480 | Lair:2   | Killed a five-headed hydra
 10685 | Lair:2   | Found a staircase to the Swamp.
 11031 | Lair:3   | Found a gate leading to a gauntlet.
 11040 | Gauntlet | Entered a Gauntlet
 11040 | Gauntlet | Noticed a tengu warrior
 11040 | Gauntlet | Found a transporter.
 11040 | Gauntlet | Found a transporter.
 11040 | Gauntlet | Found a transporter.
 11042 | Gauntlet | Found a transporter.
 11043 | Gauntlet | Found a transporter.
 11046 | Gauntlet | Found a transporter.
 11087 | Gauntlet | Noticed a soul eater
 11092 | Gauntlet | Found a transporter.
 11095 | Gauntlet | Found a transporter.
 11102 | Gauntlet | Noticed a death yak
 11102 | Gauntlet | Noticed a death yak
 11102 | Gauntlet | Noticed a death yak
 11103 | Gauntlet | Noticed a death yak
 11104 | Gauntlet | Noticed a death yak
 11105 | Gauntlet | Found a transporter.
 11105 | Gauntlet | Found the brooch of Shielding {Spirit SH+8}
 11124 | Gauntlet | Found a transporter.
 11128 | Gauntlet | Found a transporter.
 11130 | Gauntlet | Found a transporter.
 11329 | Gauntlet | Reached skill level 10 in Maces & Flails
 11332 | Gauntlet | Reached XP level 13. HP: 92/92 MP: 11/18
 11452 | Gauntlet | Identified the amulet of Rioddeti {Harm Regen+}
 11480 | Gauntlet | Identified the +9 flail "Punap" {freeze, rCorr}
 11480 | Gauntlet | Noticed a minotaur
 11490 | Gauntlet | Killed a minotaur
 11970 | Lair:3   | Reached ****** piety under Okawaru
 11988 | Lair:3   | Received a gift from Okawaru
 13492 | Lair:5   | Found a staircase to the Slime Pits.
 13611 | Lair:5   | Received a gift from Okawaru
 13984 | Lair:5   | Found a shimmering altar of Xom.
 14175 | Lair:6   | Entered Level 6 of the Lair of Beasts
 14215 | Lair:6   | Gained mutation: Your large and strong wings let you fly.
                  | [Gargoyle growth]
 14215 | Lair:6   | Reached XP level 14. HP: 80/98 MP: 19/19
 14673 | Lair:6   | Noticed Kirke
 14707 | Lair:6   | Noticed a sphinx
 15129 | Lair:6   | Killed Kirke
 15145 | Lair:6   | Acquired 484 gold pieces
 15356 | Lair:6   | Noticed an azure jelly
 15370 | Lair:6   | Killed an azure jelly
 15532 | Lair:6   | Received a gift from Okawaru
 15799 | Lair:6   | Found a corrupted altar of Lugonu.
 15799 | Lair:6   | Found a one-way gate to the infinite horrors of the Abyss.
 15805 | Lair:6   | Identified the +8 scythe "Gemen" {speed, Will+++ Str-2
                  | Int+6}
 16122 | D:10     | Found a snail-covered altar of Cheibriados.
 16204 | D:10     | Noticed Harold
 16214 | D:10     | Killed Harold
 16221 | D:10     | Found a radiant altar of Vehumet.
 16284 | D:11     | Noticed Nergalle
 16287 | Arena    | Entered the Arena
 16296 | Arena    | Killed Nergalle
 16321 | D:11     | Noticed Snorg
 16337 | D:11     | Killed Snorg
 16469 | D:11     | Noticed Fannar
 16485 | D:11     | Killed Fannar
 16569 | D:11     | Found a staircase to the Orcish Mines.
 16618 | D:11     | Noticed Erolcha
 16629 | Arena    | Entered the Arena
 16636 | Arena    | Killed Erolcha
 16894 | D:11     | Reached XP level 15. HP: 103/103 MP: 20/20
 17055 | Orc:1    | Entered Level 1 of the Orcish Mines
 17069 | D:11     | Reached skill level 15 in Shields
 17436 | Orc:2    | Entered Level 2 of the Orcish Mines
 17622 | Orc:2    | Noticed an orc warlord
 17672 | Orc:2    | Mangled by an orc warlord

Illustrated notes

Levels and vault maps discovered:
D:1:      elethiomel_arrival_shortcut, layout_rooms
D:2:      layout_basic, hellmonk_ecumenical_altar_crossroads
D:3:      layout_loops_ring, overflow_temple_1_default, minmay_misc_feat_cross,
          uniq_jessica, uniq_ijyb
D:4:      layout_loops_ring, mainiacjoe_overflow_divided_tiny, serial_shops,
          kennysheep_mini_moat, uniq_grinder
D:5:      layout_basic, xom_redecorated, amcnicky_altar_gilded,
          gammafunk_ghost_icy, uniq_blork_the_orc, uniq_sigmund, uniq_menkaure
D:6:      layout_loops_ring, evilmike_ruin_ashenzari, serial_shops,
          kennysheep_little_box, serial_aquarium, aquarium_bridge_square
          [aquarium_subvault_bridge, aquarium_subvault_balcony,
          aquarium_subvault_bridge, aquarium_subvault_bridge],
          aquarium_window_corner, aquarium_window_corner,
          aquarium_window_corridor_1, aquarium_window_corner, aquarium_view_2e,
          aquarium_pool_side, uniq_pikel, uniq_crazy_yiuf_cottage
D:7:      layout_rooms, mainiacjoe_overflow_alcove_2, okawaru_gym_becter,
          mainiacjoe_overflow_boulevard, minmay_temple_entry_drinking_statues,
          nicolae_ossuary_entry_plus, serial_shops, shop, gammafunk_ghost_hive,
          grunt_decor_junction, grunt_decor_mini_mirrors, minmay_small_thing
D:8:      layout_gridville, nicolae_elyvilon_temple_path, lair_entry_dummy
D:9:      minmay_tri_box, layout_cave_pools, nicolae_overflow_hidden_temple,
          gammafunk_ghost_necromancy
D:10:     layout_cross, kennysheep_slug_shrine,
          mainiacjoe_overflow_concentric_impassable, uniq_harold
D:11:     layout_basic, david_orc_5, uniq_nergalle, uniq_fannar, uniq_erolcha,
          uniq_snorg
Temple:   nicolae_temple_figure_zero
Lair:1:   layout_loops_ring, minivault_11
Lair:2:   layout_gridlike, swamp_mist, minmay_snake_entry_guardpost_small
Lair:3:   cheibrodos_magma_flow, layout_regular_city, gauntlet_entry_generic
Lair:4:   layout_layer_cave, lemuel_fruit_tree, infiniplex_staircase_pool_2,
          serial_bayou_shore_b
Lair:5:   layout_hall_layers, slime_dummy, basic_altar, evilmike_ambush
          [evilmike_ambush_outer_doors, evilmike_ambush_inner_pond],
          infiniplex_staircase_pool, serial_bayou_shore_a
Lair:6:   hellmonk_lair_end_abyssal_woods, layout_regular_city, serial_rivers,
          chequers_serial_rivers_micro_d, chequers_serial_rivers_micro_b,
          chequers_serial_rivers_room_a, chequers_serial_rivers_room_b,
          chequers_serial_rivers_micro_a, uniq_kirke
Orc:1:    layout_caves
Orc:2:    st_orc_ogre_mass, layout_caves

Skill      XL: |  1  2  3  4  5  6  7  8  9 10 11 12 13 14 15 |
---------------+----------------------------------------------+-----
Fighting       | 4 5 14 15 | 15.3
Armour         | 4 5 6 8 9 11 13 | 13.9
Shields        | 4 5 7 9 10 12 14 15 | 15.0
Maces & Flails | 3 4 6 7 8 10 12 14 | 14.0
Invocations    | 4 7 |  7.0

Action                   |  1- 3 |  4- 6 |  7- 9 | 10-12 | 13-15 || total
-------------------------+-------+-------+-------+-------+-------++-------
Melee: Flail             |    92 |   154 |   158 |       |   717 ||  1121
       Whip              |       |       |    10 |   779 |   126 ||   915
Invok: Heroism           |       |       |       |     6 |     7 ||    13
       Finesse           |       |       |       |     3 |     6 ||     9
       Duel              |       |       |       |       |     2 ||     2
Evoke: Wand              |       |       |     6 |     5 |     1 ||    12
  Use: Scroll            |     1 |     5 |     3 |    20 |     4 ||    33
       Potion            |       |     1 |     1 |     2 |       ||     4
Armor: Scale mail        |    58 |    20 |       |       |       ||    78
       Chain mail        |       |    53 |    97 |   470 |   325 ||   945
       Plate armour      |       |       |       |       |    93 ||    93
Dodge: Dodged            |    52 |    57 |    41 |   185 |   208 ||   543
Block: Buckler           |    15 |    28 |       |       |       ||    43
       Kite shield       |       |       |    85 |   373 |   493 ||   951

Table legend: (Time is in decaauts)
 A = Elapsed time spent in this place.
 B = Non-inter-level travel time spent in this place.
 C = Inter-level travel time spent in this place.
 D = Time resting spent in this place.
 E = Time spent auto-exploring this place.
 F = Levels seen in this place.
 G = Mean time per level.
                   A        B        C        D        E       F      G
               +--------+--------+--------+--------+--------+-----+--------+
         Total |  17437 |  16428 |   1009 |   2067 |   8297 |  24 |  726.5 |
       Dungeon |   9455 |   8800 |    655 |   1299 |   4401 |  11 |  859.5 |
        Temple |    123 |    114 |      9 |      0 |    112 |   1 |  123.0 |
          Lair |   6551 |   6206 |    345 |    606 |   3473 |   6 | 1091.8 |
  Orcish Mines |    497 |    497 |      0 |    130 |     95 |   2 |  248.5 |
       Ossuary |    264 |    264 |      0 |      0 |    152 |   1 |  264.0 |
      Gauntlet |    517 |    517 |      0 |     32 |     64 |   1 |  517.0 |
         Arena |     28 |     28 |      0 |      0 |      0 |   2 |   14.0 |
               +--------+--------+--------+--------+--------+-----+--------+

Top non-repeatable levels by time:
  Lair:6: 1635 daAuts
     D:9: 1326 daAuts
  Lair:2: 1178 daAuts
     D:2: 1086 daAuts
     D:6: 1043 daAuts
     D:8: 1015 daAuts
  Lair:3: 987 daAuts
  Lair:1: 962 daAuts
  Lair:4: 910 daAuts
     D:7: 884 daAuts
  Lair:5: 875 daAuts
     D:3: 867 daAuts
    D:11: 777 daAuts
     D:4: 775 daAuts
     D:5: 769 daAuts
